 Dungeon Crawl Stone Soup version 0.31-a0-986-g5e6e4ef867 (webtiles) character file.

Game seed: 12574640184734819237

182 Sanktem7 the Conjurer (level 5, -3/28 HPs)
             Began as a Deep Elf Conjurer on Nov 10, 2023.
             Slain by Pikel
             ... wielding a +2 whip of freezing
              (5 damage)
             ... on level 3 of the Dungeon.
             The game lasted 00:10:50 (2738 turns).

Sanktem7 the Conjurer (Deep Elf Conjurer)           Turns: 2738, Time: 00:10:51

Health: -3/28      AC:  2    Str:  4    XL:     5   Next: 34%
Magic:  7/13       EV: 13    Int: 25    God:
Gold:   33         SH:  0    Dex: 13    Spells: 9/12 levels left

rFire   . . .        u - staff of conjuration {!a@e2staff}
rCold   . . .        (no shield)
rNeg    . . .        a - +0 robe
rPois   .            (no helmet)
rElec   .            (no cloak)
rCorr   .            (no gloves)
SInv    .            (no boots)
Will    .....        (no amulet)
Stlth   ++           (no ring)
HPRegen 0.24/turn    (no ring)
MPRegen 0.13/turn

%: no passive effects
@: no status effects
A: no striking features
a: no special abilities


You were on level 3 of the Dungeon.
You visited 1 branch of the dungeon, and saw 4 of its levels.

You collected 93 gold pieces.
You spent 60 gold pieces at shops.


   Skills:
 + Level 3.7 Dodging
 + Level 3.9 Stealth
 + Level 4.2 Spellcasting
 * Level 5.7 Conjurations


You had 9 spell levels left.
You knew the following spells:

 Your Spells              Type           Power      Damage    Failure   Level
a - Magic Dart            Conj           100%       1d8       1%          1
b - Searing Ray           Conj           100%       2d8       1%          2

Your spell library contained the following spells:

 Spells                   Type           Power      Damage    Failure   Level
 Necrotise                Necr           20%        1d5       9%          1
 Dazzling Flash           Conj/Hex       58%        N/A       9%          3
 Lesser Beckoning         Tloc           10%        N/A       14%         2
 Gell's Gravitas          Tloc           5%         N/A       26%         3
 Teleport Other           Tloc           5%         N/A       26%         3
 Vampiric Draining        Necr           5%         2d6       26%         3
 Fulminant Prism          Conj/Hex       14%        3d8       26%         4
 Iskenderun's Mystic Bla  Conj/Tloc      29%        2d7       26%         4
 Agony                    Necr           5%         N/A       94%         5

Inventory:

Hand Weapons
 e - a +2 dagger of venom {short}
   (You took it off a kobold on level 1 of the Dungeon)
Missiles
 d - 32 stones {throwing}
 m - 3 javelins {throwing}
 p - a boomerang {throwing}
Armour
 a - a +0 robe (worn)
Magical Staves
 u - a staff of conjuration (weapon) {!a@e2staff}
   (You found it on level 3 of the Dungeon)
 w - a staff of conjuration {!a@e2staff}
   (You found it on level 4 of the Dungeon)
Scrolls
 f - a scroll of poison {unknown}
 g - a scroll of fear {unknown}
 i - a scroll of vulnerability {unknown}
 j - 2 scrolls of silence {unknown}
 n - a scroll of teleportation {unknown}
 q - a scroll of immolation {unknown}
 s - a scroll of identify {unknown}
 t - a scroll of fog {unknown}
 v - a scroll of enchant weapon {unknown}
Potions
 b - 4 potions of magic
 c - 3 potions of degeneration {unknown}
 h - 3 potions of ambrosia {unknown}
 k - 3 potions of curing {unknown}
 o - a potion of berserk rage {unknown}
 r - a potion of mutation {unknown}

Dungeon Overview and Level Annotations

Branches:
Dungeon (4/15) Zot: 21262
 Temple: D:4-7

Altars:
Fedhas
Sif Muna
Yredelemnul
The Shining One

Shops:
D:2 !=![

Annotations:
D:3 Pikel

.####..# #.........#######
....#..###############...##
.##............# ##.##
.####..##.#.##.# #.# #
.......##.#.##.# #.# #
#########.#....# ##.## #
###.###..### #...# # #..........#
#...# # #######.#......#@# #...#
# #.....#.###...##K#####...#####
##
#...).#<##.....#.#...........###.
#.......##......>................
#.....#.#........#...........##..
#.....#..........#####...######.~
#######.#..#.##.## #...# #.~ ###
#......##.# #...# #.~ ..#
#..._..##.# #...# ##..


You could see Pikel.


Message History

Casting: Magic Dart (safe; 1% risk of failure)
Confirm with . or Enter, or press ? or * to list all spells.
Aiming: Magic Dart (safe; 1% risk of failure)
Press: ? - help, Shift-Dir - straight line, f/p - endoplasm
Aim: an endoplasm (moderately wounded, 100% to hit)
The magic dart hits the endoplasm.
You kill the endoplasm! 😎 MP[-1]
You lost 1 mp, and now have 11/13 mp.
w - a staff of conjuration {!a@e2staff} A lemure comes into view. 😎 MP[+2]
Your mp is fully restored (13).
Your +2 dagger of venom {short} stops dripping with poison.
u - a staff of conjuration (weapon)
{!a@e2staff} A lemure comes into view.
The lemure shouts!
You hear a shout!
You hear an angry hiss.
A lemure comes into view. x2
Pikel, Merchant of Souls comes into view.
He is wielding a +2 whip of freezing.
Pikel shouts!
Casting: Magic Dart (safe; 1% risk of failure)
Confirm with . or Enter, or press ? or * to list all spells.
You can't see any susceptible monsters within range! (Use Z to cast anyway.)
The lemure shouts!
A hound comes into view.
The hound moves out of view.
Casting: Magic Dart (safe; 1% risk of failure)
Confirm with . or Enter, or press ? or * to list all spells.
Aiming: Searing Ray (safe; 1% risk of failure)
Press: ? - help, Shift-Dir - straight line, f - Pikel
Aim: Pikel, wielding a +2 whip of freezing and wearing a +0 robe (79% to hit)
You feel a surge of power!
The searing ray hits Pikel. (Press . to maintain the ray.) 😎 MP[-2]
You lost 2 mp, and now have 11/13 mp.
The searing ray hits Pikel. 😎 MP[-1]
You lost 1 mp, and now have 10/13 mp.
Pikel checks his coin pouch and frowns. 😎 MP[+1] Pikel attacks as he pursues you!
Pikel barely misses you. 😎 MP[+1]
There is a stone staircase leading up here.
Pikel barely misses you.
You climb upwards.
There is a stone staircase leading down here.
Casting: Searing Ray (safe; 1% risk of failure)
Confirm with . or Enter, or press ? or * to list all spells.
Aiming: Searing Ray (safe; 1% risk of failure)
Press: ? - help, Shift-Dir - straight line, f - Pikel
Aim: Pikel, wielding a +2 whip of freezing and wearing a +0 robe (lightly wounded, 79% to hit)
You feel a surge of power!
The searing ray misses Pikel. (Press . to maintain the ray.) Pikel barely misses you. 😎 MP[-2]
You lost 2 mp, and now have 10/13 mp.
Casting: Searing Ray (safe; 1% risk of failure)
Confirm with . or Enter, or press ? or * to list all spells.
Restarting spell: Searing Ray (safe; 1% risk of failure)
Press: ? - help, Shift-Dir - straight line, f/p - Pikel
Aim: Pikel, wielding a +2 whip of freezing and wearing a +0 robe (lightly wounded, 79% to hit)
You feel a surge of power!
The searing ray hits Pikel. (Press . to maintain the ray.) Pikel hits you with a +2 whip of freezing.
Pikel freezes you. 😕 HP[-5] MP[-2]
You take 5 damage, and now have 23/28 hp.
You lost 2 mp, and now have 8/13 mp.
The searing ray hits Pikel.
Pikel hits you with a +2 whip of freezing.
Pikel freezes you. 😮 HP[-7] MP[-1]
You take 7 damage, and now have 16/28 hp.
MASSIVE DAMAGE!! (PAUSE)
You lost 1 mp, and now have 7/13 mp.
The searing ray hits Pikel but does no damage.
Pikel hits you with a +2 whip of freezing!
* * * LOW HITPOINT WARNING * * *
Pikel freezes you.
* * * LOW HITPOINT WARNING * * *
😱 HP[-11]
You take 11 damage, and now have 5/28 hp.
MASSIVE DAMAGE!! (PAUSE)
You feel much better. Pikel misses you. 😎 HP[+23]
Your hp is fully restored (28).
Pikel attacks as he pursues you!
Pikel hits you with a +2 whip of freezing!
Pikel freezes you.
* * * LOW HITPOINT WARNING * * *
😨 HP[-16]
You take 16 damage, and now have 12/28 hp.
MASSIVE DAMAGE!! (PAUSE) 😨 HP[+1] Pikel attacks as he pursues you!
Pikel hits you with a +2 whip of freezing!
* * * LOW HITPOINT WARNING * * *
Pikel freezes you.
You die...
Pikel says, "See you in Hell!"

Skill      XL: |  1  2  3  4 |
---------------+-------------+-----
Stealth        | 3 |  3.9
Dodging        | 3 |  3.7
Conjurations   | 5 |  5.7
Spellcasting   | 4 |  4.2

Action                     |  1- 3 |  4- 6 || total
---------------------------+-------+-------++-------
  Melee: Dagger            |     2 |       ||     2
   Cast: Magic Dart        |    85 |    67 ||   152
         Searing Ray       |       |     5 ||     5
    Use: Potion            |       |     1 ||     1
 Armour: Robe              |     7 |     6 ||    13
  Dodge: Dodged            |     6 |     8 ||    14

Levels and vault maps discovered:
D:1:      lemuel_arrival_room, layout_loops_cross, nicolae_wormholes
D:2:      layout_basic, serial_shops, shop, shop, nicolae_shop_real_fake_doors,
          shop
D:3:      layout_loops_cross, fedhas_ov_isle_minmay,
          chequers_temple_overflow_statue_of_worship, minmay_snake_closets,
          uniq_jessica
D:4:      layout_rooms, kennysheep_mini, uniq_pikel

Notes
Turn   | Place    | Note
-------+----------+-------------------------------------------
     0 | D:1      | Sanktem7 the Deep Elf Conjurer began the quest for the Orb.
     0 | D:1      | Reached XP level 1. HP: 10/10 MP: 6/6
     0 | D:1      | magus.rc [v1.9.6]
   283 | D:1      | Reached XP level 2. HP: 15/15 MP: 1/8
   562 | D:1      | You pick up a book of Displacement and begin reading...
   562 | D:1      | You add the spells Lesser Beckoning, Gell's Gravitas and
                  | Teleport Other to your library.
   997 | D:2      | Found Imidouc's Distillery.
  1081 | D:2      | Found Axeim's Jewellery Shop.
  1085 | D:2      | Reached skill level 3 in Stealth
  1085 | D:2      | Reached XP level 3. HP: 19/19 MP: 6/9
  1151 | D:2      | Reached skill level 3 in Dodging
  1170 | D:2      | Reached skill level 5 in Conjurations
  1310 | D:2      | Reached XP level 4. HP: 18/24 MP: 4/11
  1347 | D:2      | Found Jawedof's Armour Shoppe.
  1347 | D:2      | Found Ruokhes's Distillery.
  1365 | D:2      | Bought a potion of heal wounds for 60 gold pieces
  1548 | D:2      | Learned a level 2 spell: Searing Ray
  1560 | D:3      | Found a glowing golden altar of the Shining One.
  1560 | D:3      | Found a basalt altar of Yredelemnul.
  1562 | D:3      | Found a shimmering blue altar of Sif Muna.
  1571 | D:3      | You pick up a book of Necromancy and begin reading...
  1571 | D:3      | You add the spells Necrotise, Vampiric Draining and Agony
                  | to your library.
  1929 | D:3      | Reached skill level 4 in Spellcasting
  2086 | D:3      | Found a blossoming altar of Fedhas.
  2091 | D:3      | Noticed Jessica
  2095 | D:3      | Killed Jessica
  2096 | D:3      | Reached XP level 5. HP: 28/28 MP: 5/13
  2705 | D:4      | Noticed a lemure
  2707 | D:4      | Noticed a lemure
  2707 | D:4      | Noticed a lemure
  2707 | D:4      | Noticed a lemure
  2707 | D:4      | Noticed Pikel
  2734 | D:3      | HP: 5/28 [Pikel/+2 whip of freezing (4)]
  2738 | D:3      | HP: 2/28 [Pikel/+2 whip of freezing (11)]
  2738 | D:3      | Slain by Pikel

Vanquished Creatures
  Jessica (D:3)
  8 adders
  3 worms
  A dart slug (D:1)
  3 orcs (D:3)
  10 ball pythons
  4 bats
  6 endoplasms
  5 giant cockroaches
  5 goblins
  6 hobgoblins
  4 jackals (D:3)
  4 kobolds
  A frilled lizard (D:3)
  5 rats
66 creatures vanquished.

Table legend:
 A = Non-vault XP
 B = Vault XP
 C = Vault XP percentage of total XP
 D = Non-vault monster count
 E = Vault monster count
 F = Vault count percentage of total count
                 A         B        C        D         E       F
            +---------+---------+-------+---------+---------+-------
      Total |     176 |      84 |  32.3 |      54 |      12 |  18.2
            +---------+---------+-------+---------+---------+-------
        D:1 |      28 |      10 |  26.3 |      15 |       2 |  11.8
        D:2 |      64 |       0 |   0.0 |      15 |       0 |   0.0
        D:3 |      78 |      74 |  48.7 |      21 |      10 |  32.3
        D:4 |       6 |       0 |   0.0 |       3 |       0 |   0.0
            +---------+---------+-------+---------+---------+-------

Skill      XL: |  1  2  3  4 |
---------------+-------------+-----
Stealth        | 3 |  3.9
Dodging        | 3 |  3.7
Conjurations   | 5 |  5.7
Spellcasting   | 4 |  4.2

Action                     |  1- 3 |  4- 6 || total
---------------------------+-------+-------++-------
  Melee: Dagger            |     2 |       ||     2
   Cast: Magic Dart        |    85 |    67 ||   152
         Searing Ray       |       |     5 ||     5
    Use: Potion            |       |     1 ||     1
 Armour: Robe              |     7 |     6 ||    13
  Dodge: Dodged            |     6 |     8 ||    14

Illustrated notes

Table legend:
 A = Kills in this place as a percentage of kills in the entire game.
 B = Kills by you in this place as a percentage of kills by you in the entire game.
 C = Kills by friends in this place as a percentage of kills by friends in the entire game.
 D = Other kills in this place as a percentage of other kills in the entire game.
 E = Experience gained in this place as a percentage of experience gained in the entire game.
 F = Experience gained in this place divided by the number of levels of this place that you have seen.
                   A       B       C       D       E      F
               +-------+-------+-------+-------+-------+----------------------
         Total | 100.0 | 100.0 |   N/A |   N/A | 100.0 |  65.0
       Dungeon | 100.0 | 100.0 |   N/A |   N/A | 100.0 |  65.0
               +-------+-------+-------+-------+-------+----------------------

Table legend: (Time is in decaauts)
 A = Elapsed time spent in this place.
 B = Non-inter-level travel time spent in this place.
 C = Inter-level travel time spent in this place.
 D = Time resting spent in this place.
 E = Time spent auto-exploring this place.
 F = Levels seen in this place.
 G = Mean time per level.
                   A        B        C        D        E       F      G
               +--------+--------+--------+--------+--------+-----+--------+
         Total |   2736 |   2700 |     36 |    168 |   1511 |   4 |  684.0 |
       Dungeon |   2736 |   2700 |     36 |    168 |   1511 |   4 |  684.0 |
               +--------+--------+--------+--------+--------+-----+--------+

Top non-repeatable levels by time:
     D:3: 1092 daAuts
     D:1: 976 daAuts
     D:2: 581 daAuts
     D:4: 86 daAuts
